 Dungeon Crawl Stone Soup version 0.26-a0-712-ga5a9c9c9d0 (webtiles) character file.

Game seed: 14453664057178483624

640 Gargoyl the Skirmisher (level 7, 0/60 HPs)
             Began as a Gnoll Abyssal Knight on Nov 1, 2020.
             Was a Priest of Lugonu.
             Killed by divine providence
             ... invoked by an orc priest
              (14 damage)
             ... on level 4 of the Dungeon.
             The game lasted 00:05:35 (4122 turns).

Gargoyl the Skirmisher (Gnoll Abyssal Knight)       Turns: 4122, Time: 00:05:36

Health: 0/60       AC: 13    Str: 16    XL:     7   Next: 51%
Magic:  11/11      EV:  8    Int: 14    God:    Lugonu [***...]
Gold:   221        SH:  0    Dex: 15    Spells: 11/11 levels left

rFire    . . .     SeeInvis .   a - +2 hand axe
rCold    + . .     Faith    .   (no shield)
rNeg     . . .     Spirit   .   g - +0 chain mail
rPois    .         Reflect  .   b - +0 helmet
rElec    .         Harm     .   k - +0 cloak
rCorr    .         Rampage  .   (no gloves)
MR       .....                  d - +0 pair of boots
Stlth    ..........             (no amulet)
HPRegen  0.20/turn              h - ring of protection from cold
MPRegen  0.12/turn              (no ring)

@: no status effects
A: distributed training, fangs 1, talons 1, strong nose
a: Depart the Abyss, Bend Space, Banish, Renounce Religion


You were on level 4 of the Dungeon.
You worshipped Lugonu.
Lugonu was most pleased with you.
You visited 1 branch of the dungeon, and saw 4 of its levels.
You visited the Abyss 1 time.

You collected 221 gold pieces.

Inventory:

Hand Weapons
 a - a +2 hand axe (weapon)
 j - a +0 falchion of holy wrath
Missiles
 m - 3 datura-tipped darts (quivered)
 n - 19 poisoned darts
Armour
 b - a +0 helmet (worn)
 d - a +0 pair of boots (worn)
 g - a +0 chain mail (worn)
 k - a +0 cloak (worn)
Jewellery
 h - a ring of protection from cold (left hand)
Scrolls
 e - 4 scrolls of identify
 l - a scroll of fear
 o - a scroll of immolation {unknown}
Potions
 f - a potion of ambrosia {unknown}
 i - 3 potions of curing


   Skills:
 + Level 7.0 Fighting
 + Level 2.5 Short Blades
 + Level 2.5 Long Blades
 + Level 5.2 Axes
 + Level 2.5 Maces & Flails
 + Level 2.5 Polearms
 + Level 2.5 Staves
 + Level 2.5 Slings
 + Level 2.5 Bows
 + Level 2.5 Crossbows
 + Level 2.5 Throwing
 + Level 5.2 Armour
 + Level 3.6 Dodging
 + Level 2.5 Stealth
 + Level 2.5 Shields
 + Level 2.5 Unarmed Combat
 + Level 2.5 Spellcasting
 + Level 2.0 Conjurations
 + Level 2.0 Hexes
 + Level 2.0 Summonings
 + Level 2.0 Necromancy
 + Level 2.0 Translocations
 + Level 2.0 Transmutations
 + Level 2.0 Fire Magic
 + Level 2.0 Ice Magic
 + Level 2.0 Air Magic
 + Level 2.0 Earth Magic
 + Level 2.0 Poison Magic
 + Level 5.4 Invocations
 + Level 2.5 Evocations


You had 11 spell levels left.
You didn't know any spells.
Your spell library was empty.

Dungeon Overview and Level Annotations

Branches:
Dungeon (4/15)
 Temple: D:4-7

Altars:


Innate Abilities, Weirdness & Mutations

Your experience applies equally to all skills.
You have very sharp teeth.
Your uncanny sense of smell can sniff out nearby items.
You have sharp toenails.


Message History

The orc hits you but does no damage.
The orc wizard points at you and mumbles some strange words.
The magic dart hits you but does no damage.
The orc priest calls upon Beogh to heal the orc.
The orc is healed somewhat.
The orc throws a stone.
The stone barely misses you.
The orc priest calls down the wrath of Beogh upon you.
Pain shoots through your body!
The orc priest mumbles some strange prayers to Beogh against you.
Beogh smites you!
* * * LOW HITPOINT WARNING * * *
The orc throws a stone.
The stone barely misses you.
The orc priest miscasts a cantrip.
The orc priest looks satisfied for a moment.
The orc throws a stone.
The stone hits you but does no damage.
You see here a stone.
The orc wizard hits you but does no damage.
The orc priest calls down the wrath of Beogh upon you.
Beogh smites you!
You die...

.. .............).......
...#. #........(.........#
...#. ###........o......###
.....#
#.##.....o..........#
#.....##.......o....(.#.#.#
#............o......(### #
##..##.......(........#
#..........o.......##.#
#...##.....@##........#..
..# #....(.###...........
..# ##.....##...........##
...#......##.............
...........#.............
##.......)..............#.
#.....<.)...............
#.........#.............
#.........#####.....#..


You could see 2 orc priests, an orc wizard (fast) and 2 orcs.

Vanquished Creatures
  Sigmund (D:2)
  A bullfrog (D:4)
  A howler monkey (D:3)
  A hound (D:3)
  An orc priest (D:3)
  Crazy Yiuf (D:3)
  A bullfrog skeleton (D:4)
  An iguana (D:3)
  2 worker ants
  Robin (D:3)
  4 gnolls
  4 adders
  4 worms (D:2)
  4 leopard geckos
  10 orcs
  7 bats
  15 goblins
  11 hobgoblins
  12 jackals
  A quokka (D:2)
  4 frilled lizards (D:1)
  4 kobolds
  A quokka skeleton (D:3)
  7 rats
99 creatures vanquished.

Notes
Turn   | Place    | Note
-------+----------+-------------------------------------------
     0 | Abyss:1  | Gargoyl the Gnoll Abyssal Knight began the quest for the
                  | Orb.
     0 | Abyss:1  | Reached XP level 1. HP: 23/23 MP: 3/3
    29 | Abyss:1  | Noticed a ynoxinul
    62 | Abyss:1  | Noticed a ynoxinul
    63 | D:1      | Escaped the Abyss
   212 | D:1      | Reached * piety under Lugonu
   344 | D:1      | Reached XP level 2. HP: 29/29 MP: 5/5
  1215 | D:2      | Reached XP level 3. HP: 27/35 MP: 6/6
  1330 | D:2      | Noticed Sigmund
  1341 | D:2      | Killed Sigmund
  1341 | D:2      | Reached skill level 1 in Short Blades
  1341 | D:2      | Reached skill level 1 in Long Blades
  1341 | D:2      | Reached skill level 1 in Maces & Flails
  1341 | D:2      | Reached skill level 1 in Polearms
  1341 | D:2      | Reached skill level 1 in Staves
  1341 | D:2      | Reached skill level 1 in Slings
  1341 | D:2      | Reached skill level 1 in Bows
  1341 | D:2      | Reached skill level 1 in Crossbows
  1341 | D:2      | Reached skill level 1 in Throwing
  1341 | D:2      | Reached skill level 1 in Stealth
  1341 | D:2      | Reached skill level 1 in Shields
  1341 | D:2      | Reached skill level 1 in Unarmed Combat
  1341 | D:2      | Reached skill level 1 in Spellcasting
  1341 | D:2      | Reached skill level 1 in Conjurations
  1341 | D:2      | Reached skill level 1 in Hexes
  1341 | D:2      | Reached skill level 1 in Summonings
  1341 | D:2      | Reached skill level 1 in Necromancy
  1341 | D:2      | Reached skill level 1 in Translocations
  1341 | D:2      | Reached skill level 1 in Transmutations
  1341 | D:2      | Reached skill level 1 in Fire Magic
  1341 | D:2      | Reached skill level 1 in Ice Magic
  1341 | D:2      | Reached skill level 1 in Air Magic
  1341 | D:2      | Reached skill level 1 in Earth Magic
  1341 | D:2      | Reached skill level 1 in Poison Magic
  1341 | D:2      | Reached skill level 1 in Evocations
  1341 | D:2      | Reached XP level 4. HP: 40/41 MP: 7/7
  1341 | D:2      | Reached XP level 5. HP: 46/47 MP: 8/8
  1686 | D:2      | Reached skill level 5 in Invocations
  1870 | D:2      | Reached XP level 6. HP: 53/53 MP: 9/9
  2149 | D:3      | Reached ** piety under Lugonu
  2449 | D:3      | Gained mutation: You do not regenerate when monsters are
                  | visible. [potion of mutation]
  2449 | D:3      | Lost mutation: You do not regenerate when monsters are
                  | visible. [potion of mutation]
  2449 | D:3      | Gained mutation: You have sharp toenails. [potion of
                  | mutation]
  2463 | D:3      | Noticed Robin
  2483 | D:3      | Killed Robin
  2483 | D:3      | Reached skill level 5 in Axes
  2483 | D:3      | Reached skill level 5 in Armour
  2885 | D:3      | Reached *** piety under Lugonu
  2908 | D:3      | Found a runed translucent door.
  2909 | D:3      | Noticed Crazy Yiuf
  2917 | D:3      | Killed Crazy Yiuf
  3385 | D:4      | Reached XP level 7. HP: 25/59 MP: 10/10
  3415 | D:3      | Reached skill level 7 in Fighting
  4122 | D:4      | Killed from afar by an orc priest

Illustrated notes

Levels and vault maps discovered:
D:1:      giann_bridges, layout_loops_ring, minmay_misc_feat_encased
D:2:      minmay_spotlight, layout_loops_ring, corexii_leaking_fountain,
          uniq_sigmund
D:3:      layout_basic, minmay_checkerbox, uniq_crazy_yiuf_cottage, uniq_robin
D:4:      layout_cave_pools, minmay_temple_entry_drinking_statues

Skill      XL: |  1  2  3  4  5  6  7 |
---------------+----------------------+-----
Short Blades   | 1 2 |  2.5
Long Blades    | 1 2 |  2.5
Maces & Flails | 1 2 |  2.5
Polearms       | 1 2 |  2.5
Staves         | 1 2 |  2.5
Slings         | 1 2 |  2.5
Bows           | 1 2 |  2.5
Crossbows      | 1 2 |  2.5
Throwing       | 1 2 |  2.5
Dodging        | 3 |  3.6
Stealth        | 1 2 |  2.5
Shields        | 1 2 |  2.5
Unarmed Combat | 1 2 |  2.5
Spellcasting   | 1 2 |  2.5
Conjurations   | 1 2 |  2.0
Hexes          | 1 2 |  2.0
Summonings     | 1 2 |  2.0
Necromancy     | 1 2 |  2.0
Translocations | 1 2 |  2.0
Transmutations | 1 2 |  2.0
Fire Magic     | 1 2 |  2.0
Ice Magic      | 1 2 |  2.0
Air Magic      | 1 2 |  2.0
Earth Magic    | 1 2 |  2.0
Poison Magic   | 1 2 |  2.0
Evocations     | 1 2 |  2.5
Invocations    | 5 |  5.4
Axes           | 5 |  5.2
Armour         | 5 |  5.2
Fighting       | 7 |  7.0

Action                   |  1- 3 |  4- 6 |  7- 9 || total
-------------------------+-------+-------+-------++-------
Melee: Hand axe          |    48 |   179 |    70 ||   297
       Bite              |     6 |    24 |    13 ||    43
       Punch             |       |     2 |     2 ||     4
Invok: Depart the Abyss  |     1 |       |       ||     1
  Use: Potion            |     1 |     2 |     1 ||     4
       Scroll            |     5 |     3 |       ||     8
 Stab: Sleeping          |     1 |       |       ||     1
Armor: Leather armour    |    13 |       |       ||    13
       Chain mail        |     4 |   176 |    72 ||   252
Dodge: Dodged            |    30 |   124 |    62 ||   216

Table legend: (Time is in decaauts)
 A = Elapsed time spent in this place.
 B = Non-inter-level travel time spent in this place.
 C = Inter-level travel time spent in this place.
 D = Time resting spent in this place.
 E = Time spent auto-exploring this place.
 F = Levels seen in this place.
 G = Mean time per level.
                   A        B        C        D        E       F      G
               +--------+--------+--------+--------+--------+-----+--------+
         Total |   4147 |   3931 |    216 |    974 |   2132 |   5 |  829.4 |
       Dungeon |   4084 |   3868 |    216 |    974 |   2103 |   4 | 1021.0 |
         Abyss |     63 |     63 |      0 |      0 |     29 |   1 |   63.0 |
               +--------+--------+--------+--------+--------+-----+--------+

Top non-repeatable levels by time:
     D:3: 1620 daAuts
     D:2: 1487 daAuts
     D:1: 685 daAuts
     D:4: 291 daAuts
 Abyss:1: 63 daAuts
